 Dungeon Crawl Stone Soup version 0.17.1-3-g152610e (webtiles) character file.

650795 Jerry the Invulnerable (level 27, -6/248 HPs)
             Began as a Minotaur Fighter on Mar 11, 2016.
             Was a High Priest of Zin.
             Splashed by an acid blob's acid (8 damage)
             ... created by the royal jelly
             ... on level 6 of the Pits of Slime on Mar 12, 2016.
             The game lasted 16:22:27 (100246 turns).

Jerry the Invulnerable (Minotaur Fighter)         Turns: 100246, Time: 16:22:27

Health: -6/248     AC: 11    Str: 31    XL:     27
Magic:  32/32      EV: 28    Int: 25    God:    Zin [*****.]
Gold:   3882       SH: 25    Dex: 21    Spells: 3 memorised, 20 levels left

rFire  + + .     SeeInvis +     o - +9 double sword (holy)
rCold  + + .     Rnd*Rage +     g - +0 ring mail "Kiaxas" {+Inv rC+ MR++ Int+4}
rNeg   + . .     SustAt   .     L - +5 shield {reflect}
rPois  ∞         Gourm    .     V - +1 hat
rElec  .         Spirit   .     u - +1 cloak of Douzehid {rF++}
rCorr  +         Warding  .     y - +1 pair of gloves
rMut   .         Stasis   .     R - +1 pair of boots {run}
MR     +++++                    v - amulet of Buidd {rCorr Int+2}
Stlth  +.........               G - ring "Axyuw" {rC+ rN+ MR+ Int+4}
                                f - ring of the Prince of Darkness {*Drain rPois MR+ Dex+3 SInv}

@: vitalised, about to teleport, corroded equipment, very slightly contaminated,
hasted, very quick, almost entirely resistant to hostile enchantments, very
unstealthy
A: retaliatory headbutt, horns 2, repulsion field 1, yellow scales 1, berserk 1,
magic resistance 1, sense surroundings 1, screaming 1
a: Recite, Vitalisation, Imprison, Sanctuary, Donate Gold, Renounce Religion,
Evoke Invisibility
}: 4/15 runes: serpentine, barnacled, silver, golden


You were on level 6 of the Pits of Slime.
You worshipped Zin.
Zin was extremely pleased with you.
You were not hungry.

You visited 12 branches of the dungeon, and saw 60 of its levels.
You visited the Abyss 1 time.
You also visited: Labyrinth and Ice Cave.

You collected 11666 gold pieces.
You spent 7703 gold pieces at shops.
You donated 81 gold pieces to Zin.

Inventory:

Hand Weapons
 a - the +10 dagger of the Swamp {pierce, +Inv +Fly rN+ Int-2}
   (You took it off a deep elf demonologist on level 3 of the Elven Halls)

   It inflicts extra damage upon your enemies.
   It affects your intelligence (-2).
   It protects you from negative energy.
   It lets you turn invisible.
   It lets you fly.
 o - a +9 double sword of holy wrath (weapon)
Armour
 g - the +0 ring mail "Kiaxas" (worn) {+Inv rC+ MR++ Int+4}
   (You found it on level 4 of the Snake Pit)

   It affects your intelligence (+4).
   It protects you from cold.
   It affects your resistance to hostile enchantments.
   It lets you turn invisible.
 u - the +1 cloak of Douzehid (worn) {rF++}
   (You bought it in a shop on level 4 of the Vaults)

   It greatly protects you from fire.
 y - a +1 pair of gloves (worn)
 D - the +0 pair of boots of Ymeitsoete {rC+}
   (You bought it in a shop on level 4 of the Vaults)

   It protects you from cold.
 L - a +5 shield of reflection (worn)
 M - a +2 gold dragon armour
 R - a +1 pair of boots of running (worn)
 V - a +1 hat (worn)
Jewellery
 b - an uncursed ring of wizardry
 f - the ring of the Prince of Darkness (left hand) {*Drain rPois MR+ Dex+3 SInv}
   (You found it on level 5 of the Vaults)

   [ring of protection from magic]

   It affects your dexterity (+3).
   It protects you from poison.
   It affects your resistance to hostile enchantments.
   It lets you see invisible.
   It causes draining when unequipped.
 h - an uncursed ring of sustain attributes
 n - the ring "Avoprelo" {rElec rN+}
   (You found it on level 3 of the Crypt)

   [ring of positive energy]

   It insulates you from electricity.
   It protects you from negative energy.
 q - an uncursed amulet of clarity
 v - the amulet of Buidd (around neck) {rCorr Int+2}
   (You found it on level 2 of the Lair of Beasts)

   [amulet of resist corrosion]

   It protects you from acid and corrosion.
   It affects your intelligence (+2).
 G - the ring "Axyuw" (right hand) {rC+ rN+ MR+ Int+4}
   (You found it on level 3 of the Crypt)

   [ring of positive energy]

   It affects your intelligence (+4).
   It protects you from cold.
   It protects you from negative energy.
   It affects your resistance to hostile enchantments.
 K - the ring "Naticauki" {rPois rN+}
   (You found it on level 3 of the Crypt)

   [ring of positive energy]

   It protects you from poison.
   It protects you from negative energy.
Wands
 H - a wand of disintegration (6)
 N - a wand of heal wounds (3)
 O - a wand of digging (10)
Scrolls
 c - a scroll of brand weapon
 i - 19 scrolls of remove curse
 k - 4 scrolls of silence
 p - 16 scrolls of teleportation
 t - 2 scrolls of identify
 x - 6 scrolls of magic mapping
 A - a scroll of enchant weapon
 C - a scroll of enchant armour
 I - 4 scrolls of recharging
 T - 3 scrolls of blinking
Potions
 d - 3 potions of haste
 l - 3 potions of magic
 m - 7 potions of curing
 r - a potion of flight
 B - a potion of heal wounds
 F - 2 potions of brilliance
 X - a potion of resistance
 Y - a potion of cancellation
Comestibles
 e - 18 bread rations
 j - 25 meat rations
 s - 4 royal jellies


   Skills:
 + Level 20.7 Fighting
 - Level 21.0 Long Blades
 O Level 27 Armour
 + Level 15.9 Dodging
 - Level 25.0 Shields
 - Level 2.4 Spellcasting
 + Level 15.5 Charms
 - Level 5.3 Air Magic
 - Level 14.1 Invocations


You had 20 spell levels left.
You knew the following spells:

 Your Spells              Type           Power        Failure   Level  Hunger
a - Repel Missiles        Chrm/Air       ######       1%          2    ##.....
b - Swiftness             Chrm/Air       ######..     1%          2    ##.....
c - Haste                 Chrm           ######..     3%          6    #######


Dungeon Overview and Level Annotations

Branches:
Dungeon (15/15)            Temple (1/1) D:4            Lair (8/8) D:9
 Shoals (4/4) Lair:3        Snake (4/4) Lair:4        Slime (6/6) Lair:7
    Orc (4/4) D:12            Elf (3/3) Orc:4        Vaults (5/5) D:13
  Crypt (3/3) Vaults:2       Tomb (3/3) Crypt:3      Depths (4/5) D:15

Altars:
Ashenzari
Cheibriados
Dithmenos
Elyvilon
Fedhas
Gozag
Kikubaaqudgha
Makhleb
Nemelex Xobeh
Okawaru
Qazlal
Ru
Sif Muna
Trog
Vehumet
Xom
Yredelemnul
Zin
The Shining One
Beogh
Jiyva

Shops:
D:8 ?   D:10 (   D:14 !:[?   Orc:2 *   Orc:4 [([*   Elf:1 =%   Elf:3 (
Shoals:3 =   Snake:1 =   Snake:3 *   Vaults:4 *   Vaults:5 %!%?!?!%
Depths:2 *[(

Portals:
Hell: Lair:8 Depths:1 Depths:2 Depths:3
Abyss: Depths:1
Pandemonium: Depths:2 Depths:3
Trove: Vaults:3 (give +5 fire dragon armour)

Annotations:
D:4 Sanvar's ghost, amateur DgGl
Slime:6 Royal Jelly
Abyss:1 Roxanne


Innate Abilities, Weirdness & Mutations

You reflexively headbutt those who attack you in melee.
You have a pair of horns on your head.
You are surrounded by a mild repulsion field (EV +2).
You are partially covered in yellow scales (AC +2).
You tend to lose your temper in combat.
You are resistant to hostile enchantments.
You passively map a small area around you.
You occasionally shout uncontrollably at your foes.


Message History

The azure jelly freezes you! You resist.
* * * LOW HITPOINT WARNING * * *
The azure jelly hits you.
* * * LOW HITPOINT WARNING * * *
The azure jelly hits you.
* * * LOW HITPOINT WARNING * * *
The azure jelly hits you but does no damage. x2
You block the azure jelly's attack. The azure jelly closely misses you.
You block the azure jelly's attack. The azure jelly hits you.
* * * LOW HITPOINT WARNING * * *
The azure jelly freezes you! You resist.
* * * LOW HITPOINT WARNING * * *
The azure jelly hits you but does no damage.
The azure jelly closely misses you. The acid blob hits you!!
* * * LOW HITPOINT WARNING * * *
You are splashed with acid!
The acid corrodes you!
The acid burns!
You resist.
* * * LOW HITPOINT WARNING * * *
The acid blob spits acid at you. The splash of acid hits you! You resist.
The acid burns!
You resist.
You die...

, #.## ,##................. # ,
#.J# ,##.................. ##
,,##.# ##................... .##
#J.# ##....................
..####.#####.....................
.................................
..............JJJJ.......<.......
..............JJJJJ.........##...
..............JJ@JJ.......#.###..
...............JJJ......#.### ##
........................###
........................#
........................##
.........................#
..........................
..........................
..........................


You could see the royal jelly, 3 acid blobs, 5 azure jellies and 7 death oozes.

Vanquished Creatures
  An ancient lich (Tomb:1)
  Mennas (Tomb:3)
  23 greater mummies
  Boris (Vaults:4)
  Frederick (Crypt:1)
  Margery (Vaults:5)
  3 golden dragons
  Jory (Crypt:1)
  the Enchantress (D:15)
  A bone dragon (Crypt:3)
  The ghost of Zeloya the Sniper, a veteran KoSk of Okawaru (Vaults:4)
  A shard shrike zombie (Crypt:3)
  Rupert (Lair:7)
  3 tentacled monstrosities
  3 deep elf blademasters
  6 liches
  3 titans
  The ghost of sevenseve the Peltast, an adept GrFi of the Shining One (Elf:3)
  19 acid blobs
  4 ancient champions
  4 tentacled starspawn (Abyss:1)
  The ghost of Kiel97 the Warrior, an adept DrAr of Nemelex Xobeh (Shoals:3)
  An Executioner (Abyss:4)
  9 sphinxes
  7 tengu reavers
  2 thorn hunters (Depths:3)
  Kirke (Abyss:1)
  3 shadow dragons
  4 storm dragons
  The ghost of riffraff the Severer, an adept DsBe of Trog (Shoals:2)
  6 frost giants
  7 greater nagas (Snake:4)
  6 fire giants
  10 azure jellies
  Ilsuiw (Shoals:4)
  3 revenants
  Wiglaf (Crypt:2)
  A balrug (Depths:2)
  15 vault wardens
  Donald (Orc:4)
  An iron dragon (Vaults:5)
  8 deep elf sorcerers
  Louise (Shoals:3)
  3 curse skulls (Crypt:3)
  5 ghouls
  A reaper (Crypt:3)
  The ghost of dricus the Warrior, a journeyman MiBe of Trog (Lair:8)
  A spriggan defender (D:15)
  24 ironheart preservers
  13 stone giants
  9 very ugly things
  3 war gargoyles
  6 vampire knights
  8 deep elf demonologists
  4 bennus
  Azrael (Elf:1)
  12 deep elf annihilators
  5 deep elf death magi
  5 eidola
  8 ettins
  3 jiangshi
  3 merfolk javelineers
  A minotaur (Lab)
  36 vault guards
  14 great orbs of eyes
  5 fire dragons
  4 death oozes
  5 entropy weavers
  11 merfolk impalers
  31 mummy priests
  12 yaktaur captains
  5 deep elf high priests
  20 naga warriors
  10 ice dragons
  9 hydras
  8 centaur warriors
  13 ogre magi
  4 spriggan air magi
  2 rakshasas
  8 merfolk aquamancers
  11 anacondas
  2 catoblepae
  17 dancing weapons
  2 merfolk avatars
  2 alligator snapping turtles
  7 deep troll earth magi
  3 death yaks (Lair:5)
  6 shock serpents
  A tengu warrior (Depths:2)
  6 vampire magi
  3 thrashing horrors (Abyss:1)
  8 deep troll shamans
  2 spriggan berserkers (Depths:2)
  The ghost of chimenez the Basher, a novice OgFi of Okawaru (D:8)
  A fire crab (Vaults:3)
  7 hell knights
  18 deep elf knights
  A sun demon (Depths:3)
  3 storm dragon zombies
  20 naga sharpshooters
  An orc high priest (Orc:4)
  2 soul eaters
  29 skeletal warriors
  A fire crab (shapeshifter) (Vaults:2)
  3 unseen horrors
  6 shadow wraiths
  7 death scarabs
  4 iron trolls
  20 deep trolls
  2 ice devils
  An anaconda zombie (Crypt:3)
  9 sea snakes
  7 small abominations
  5 flayed ghosts
  5 naga ritualists
  A tengu zombie (Vaults:4)
  4 giant orange brains
  14 ironbrand convokers
  5 wizards
  9 deep elf summoners
  2 harpies (shapeshifter)
  7 hill giants
  4 starcursed masses
  21 deep elf conjurers
  10 orc knights
  6 wolf spiders
  An anaconda skeleton (Crypt:2)
  13 harpies
  A cyclops (shapeshifter) (Vaults:3)
  An octopode (shapeshifter) (Depths:3)
  10 phantasmal warriors
  8 shining eyes
  13 griffons
  7 salamanders
  5 mana vipers
  7 necromancers
  An iron dragon zombie (Crypt:1)
  A griffon (shapeshifter) (Depths:1)
  2 oklob plants
  A frost giant zombie (Crypt:3)
  2 stone giant zombies
  2 hornets
  A faun (Shoals:3)
  63 ugly things
  A shining eye (shapeshifter) (Elf:1)
  A worldbinder (Abyss:1)
  6 water nymphs
  An iron dragon skeleton (Crypt:3)
  2 orc sorcerers
  A sixfirhy (Lair:8)
  12 anubis guards
  10 manticores
  A fire giant skeleton (Tomb:1)
  4 cyclopes
  2 eyes of devastation (Slime:2)
  A manticore (shapeshifter) (Vaults:4)
  A rust devil (Depths:3)
  18 vault sentinels
  8 guardian serpents
  6 elephants
  2 centaur zombies
  An eye of devastation (shapeshifter) (Depths:3)
  2 ice statues (IceCv)
  4 orange demons (Lair:8)
  2 smoke demons
  3 molten gargoyles (Depths:3)
  2 torpor snails
  12 spiny frogs
  A gargoyle (D:13)
  37 black mambas
  2 black mambas (shapeshifter)
  9 sirens
  A hellion (Depths:1)
  3 komodo dragons (shapeshifter)
  An emperor scorpion zombie (Crypt:3)
  A storm dragon simulacrum (Vaults:3)
  An apocalypse crab (Abyss:1)
  9 komodo dragons
  53 yaktaurs
  29 naga magi
  2 fire drakes
  A tormentor (Abyss:1)
  A purple draconian zombie (Crypt:1)
  A dire elephant skeleton (Tomb:2)
  2 efreet
  6 trolls
  A troll (shapeshifter) (Vaults:1)
  17 deep elf priests
  7 freezing wraiths
  8 large abominations
  48 guardian mummies
  A death drake zombie (Crypt:2)
  A harpy zombie (Crypt:3)
  An ancient zyme (Abyss:1)
  6 blue devils
  The ghost of Sanvar the Poker, an amateur DgGl (D:5)
  28 merfolk
  A wind drake (shapeshifter) (Vaults:3)
  2 polar bears
  A two-headed ogre (shapeshifter) (Depths:3)
  A hellwing (Lair:8)
  108 slime creatures
  Prince Ribbit (D:6)
  A red devil (Lair:8)
  3 jumping spiders
  19 two-headed ogres
  A frost giant simulacrum (Vaults:2)
  16 ushabtiu
  A hydra skeleton (Crypt:3)
  4 wind drakes
  30 blink frogs
  A shadow dragon simulacrum (Vaults:4)
  9 boulder beetles
  6 snapping turtles
  2 tarantellas
  A trapdoor spider (shapeshifter) (Elf:2)
  37 deep elf magi
  A trapdoor spider (D:11)
  17 flying skulls
  18 redbacks
  4 shadows
  10 wraiths
  46 yaks
  An ettin skeleton (Crypt:2)
  2 vampires
  3 wyverns
  4 basilisks
  10 air elementals
  7 spriggans
  11 water elementals
  16 humans (D:13)
  3 ynoxinuls (Abyss:1)
  5 hogs (Elf:1)
  51 deep elf fighters
  3 fire bats (Lair:4)
  18 vampire mosquitoes
  2 hungry ghosts
  10 golden eyes
  20 fire elementals
  A hog (shapeshifter) (Vaults:2)
  A human (shapeshifter) (Depths:2)
  3 mottled dragons
  A neqoxec (Abyss:4)
  9 wargs
  5 wolves
  16 hippogriffs
  12 porcupines
  4 hell hounds
  A water nymph zombie (Crypt:2)
  5 soldier ants
  58 nagas
  A spiny frog zombie (Crypt:3)
  A merfolk skeleton (Crypt:1)
  Duvessa (D:5)
  A putrid demonspawn skeleton (Crypt:3)
  20 ice beasts
  27 orc warriors
  5 sky beasts
  A snapping turtle zombie (Tomb:1)
  3 necrophages
  14 water moccasins
  11 boggarts
  3 eyes of draining
  3 wasps
  20 crocodiles
  The ghost of MixedWithMadness the Shield-Bearer, an amateur HuFi (D:3)
  58 ogres
  14 centaurs
  5 big kobolds
  An anubis guard skeleton (Crypt:2)
  16 giant frogs
  A gnoll sergeant (D:7)
  3 earth elementals (Depths:3)
  A water moccasin zombie (D:12)
  An elf zombie (Vaults:4)
  5 scorpions
  A water moccasin skeleton (D:12)
  Dowan (D:5)
  A human simulacrum (Vaults:1)
  9 wights
  4 electric eels
  A yak skeleton (Crypt:3)
  A giant frog zombie (D:9)
  9 crimson imps
  26 jellies
  45 orc priests
  5 centaur skeletons
  6 human zombies
  An iron imp (Abyss:1)
  6 giant frog skeletons
  25 worker ants
  A basilisk skeleton (Crypt:2)
  7 hounds
  Natasha (thrice) (D:4)
  A gnoll shaman (D:7)
  39 orc wizards
  5 polar bear simulacra (Lair:6)
  2 wolf simulacra (Lair:6)
  11 iguanas
  16 sheep
  A statue (D:4)
  A boulder beetle simulacrum (Vaults:2)
  A brain worm zombie (Crypt:1)
  A deep dwarf skeleton (Crypt:2)
  2 hound skeletons
  44 mummies
  A worker ant zombie (D:10)
  12 gnolls
  44 river rats
  9 adders
  11 white imps (D:11)
  3 shadow imps
  2 ufetubi
  2 oozes
  An adder zombie (D:5)
  3 adder skeletons
  5 giant geckos
  197 orcs
  4 ball pythons (D:1)
  10 bats
  5 goblins
  7 hobgoblins
  10 jackals
  4 quokkas
  A giant cockroach (D:1)
  A giant gecko skeleton (Crypt:3)
  4 giant newts
  28 kobolds
  A kobold skeleton (Tomb:3)
  An orc skeleton (D:7)
  3 quokka skeletons
  9 rats
  4 river rat simulacra (Lair:6)
  2 bushes
  3 fire vortices (Depths:3)
  2 fungi
  A lurking horror (Abyss:3)
  A starspawn tentacle (Abyss:1)
2817 creatures vanquished.

Vanquished Creatures (collateral kills)
  An ancient lich (Crypt:3)
  A greater mummy (Tomb:1)
  The ghost of Clownie the Phalangite, a veteran MfEn of Ru (Vaults:5)
  A golden dragon (Depths:2)
  Xtahua (Crypt:1)
  A lich (Tomb:1)
  3 ancient champions
  3 sphinxes (Tomb:1)
  A revenant (Abyss:1)
  A vault warden (Vaults:5)
  A fire giant (Vaults:5)
  A frost giant (Shoals:4)
  2 curse skulls
  2 stone giants (Vaults:5)
  2 spriggan defenders (D:15)
  A war gargoyle (Vaults:5)
  2 vampire knights
  A merfolk javelineer (Shoals:4)
  2 jiangshi (Crypt:2)
  3 merfolk impalers (Shoals:4)
  A yaktaur captain (Vaults:5)
  A hydra (Lair:8)
  A tengu warrior (Depths:2)
  A spriggan berserker (D:15)
  A vampire mage (Crypt:2)
  6 wretched stars
  5 large abominations
  A shadow wraith (Crypt:3)
  4 death scarabs (Tomb:1)
  7 skeletal warriors
  A sea snake (Shoals:4)
  A flayed ghost (Crypt:3)
  2 phantasmal warriors (Crypt:1)
  A necromancer (Vaults:5)
  2 wolf spider zombies (Crypt:3)
  A shadow dragon skeleton (Crypt:3)
  A frost giant zombie (Crypt:3)
  A griffon (Shoals:4)
  2 worldbinders (Abyss:1)
  A sphinx skeleton (Crypt:3)
  A siren (Shoals:4)
  A stone giant skeleton (Crypt:1)
  A spiny frog (Lair:8)
  A vault sentinel (Vaults:5)
  A smoke demon (Abyss:3)
  A komodo dragon (Lair:8)
  2 guardian mummies (Tomb:1)
  An anaconda simulacrum (Tomb:1)
  A yaktaur (Depths:2)
  2 merfolk (Shoals:4)
  2 freezing wraiths
  A bog body (Crypt:1)
  3 ushabtiu (Tomb:1)
  A fire dragon zombie (Crypt:3)
  An ettin zombie (Crypt:3)
  A spriggan (D:15)
  7 flying skulls
  2 starcursed masses (Abyss:1)
  2 ynoxinuls
  A water elemental (Shoals:4)
  A shadow (Crypt:1)
  A vampire (Crypt:1)
  A spectral elf (Crypt:3)
  2 neqoxecs
  A water moccasin (Lair:8)
  A gelid demonspawn zombie (Crypt:1)
  A soldier ant (D:15)
  A putrid demonspawn skeleton (Crypt:2)
  An infernal demonspawn skeleton (Crypt:1)
  A spiny frog zombie (Crypt:3)
  A wasp (D:15)
  2 snapping turtle zombies
  A swamp dragon skeleton (Crypt:1)
  A hog skeleton (Crypt:2)
  A brain worm (Abyss:1)
  An elf zombie (Crypt:2)
  A cyclops zombie (Crypt:2)
  A water moccasin skeleton (Crypt:2)
  A crimson imp (Abyss:4)
  A jelly (Abyss:4)
  A basilisk skeleton (Crypt:3)
  An iron imp (Abyss:1)
  4 mummies
  A giant gecko skeleton (Crypt:3)
  A goblin skeleton (Crypt:3)
  A lost soul (Crypt:1)
  A lurking horror (Abyss:1)
  A starspawn tentacle (Abyss:1)
  A starspawn tentacle segment (Abyss:1)
139 creatures vanquished.

Vanquished Creatures (others)
  A Hell Sentinel (Lair:7)
  2 deep elf master archers (Elf:3)
  A tengu reaver (Vaults:4)
  A spriggan defender (Depths:2)
  A dire elephant (Lair:8)
  A merfolk javelineer (Shoals:4)
  A merfolk impaler (Shoals:1)
  A hydra (D:11)
  A deep elf high priest (Elf:3)
  2 yaktaur captains (Vaults:2)
  A satyr (Shoals:3)
  2 centaur warriors (Vaults:2)
  3 death yaks (Lair:5)
  A naga sharpshooter (Snake:4)
  A sun demon (Lair:8)
  A deep elf knight (Elf:1)
  9 death scarabs (Tomb:2)
  A storm dragon skeleton (Tomb:3)
  A deep elf summoner (Elf:1)
  An ironbrand convoker (Vaults:5)
  An anubis guard (Tomb:3)
  A mana viper (Snake:1)
  An ugly thing (Vaults:1)
  A faun (Shoals:3)
  A black mamba (Snake:1)
  A guardian serpent (Snake:1)
  2 cyclopes
  4 elephants
  A gargoyle (D:11)
  A manticore (Shoals:3)
  A vault sentinel (Vaults:2)
  A frost giant skeleton (Tomb:2)
  A naga mage (Snake:4)
  A spiny frog (Lair:8)
  A kobold demonologist (D:11)
  10 yaktaurs
  2 guardian mummies
  A deep elf priest (Elf:1)
  A troll (Vaults:2)
  3 ushabtiu
  2 flying skulls (Tomb:2)
  A redback (Depths:3)
  A deep elf fighter (Vaults:4)
  A hog (Elf:1)
  A deep elf mage (Elf:1)
  4 yaks
  2 vampire mosquitoes
  A hippogriff (Lair:8)
  2 water moccasins
  A hell hound (Elf:1)
  4 orc warriors
  A snapping turtle zombie (Tomb:2)
  A centaur (Vaults:2)
  2 mummies (Tomb:2)
  A white imp (D:11)
  4 orcs
  18 fungi
  3 lost souls
  A lurking horror (Abyss:1)
  27 plants
  8 starspawn tentacles (Abyss:1)
  68 starspawn tentacle segments (Abyss:1)
  4 tentacles (Shoals:4)
  72 tentacle segments (Shoals:4)
299 creatures vanquished.

Grand Total: 3255 creatures vanquished

Notes
Turn   | Place    | Note
--------------------------------------------------------------
     0 | D:1      | Jerry the Minotaur Fighter began the quest for the Orb.
     0 | D:1      | Reached XP level 1. HP: 19/19 MP: 0/0
    67 | D:1      | Reached XP level 2. HP: 10/26 MP: 1/1
   364 | D:1      | Reached skill level 4 in Armour
   651 | D:1      | Reached XP level 3. HP: 31/31 MP: 2/2
   791 | D:2      | Found a basalt altar of Yredelemnul.
   827 | D:2      | Found a snail-covered altar of Cheibriados.
   875 | D:2      | Found a burning altar of Makhleb.
  1356 | D:3      | Noticed MixedWithMadness's ghost (amateur HuFi)
  1359 | D:3      | Killed MixedWithMadness's ghost
  1359 | D:3      | Reached XP level 4. HP: 15/39 MP: 3/3
  1383 | D:3      | Reached XP level 5. HP: 20/45 MP: 4/4
  1632 | D:3      | Reached skill level 5 in Armour
  2142 | D:3      | Reached skill level 5 in Shields
  2168 | D:4      | Found a shadowy altar of Dithmenos.
  2184 | D:4      | Reached skill level 5 in Long Blades
  2184 | D:4      | Reached XP level 6. HP: 21/51 MP: 5/5
  2473 | D:4      | Noticed Natasha
  2480 | D:4      | Killed Natasha
  2510 | D:4      | Noticed Sanvar's ghost (amateur DgGl)
  2694 | D:4      | Reached skill level 6 in Armour
  2717 | D:4      | Noticed Natasha
  2734 | D:4      | Killed Natasha
  2755 | D:4      | Noticed Natasha
  2759 | D:4      | Killed Natasha
  2945 | D:4      | Reached XP level 7. HP: 51/57 MP: 6/6
  2990 | D:4      | Found a staircase to the Ecumenical Temple.
  3014 | Temple   | Entered the Ecumenical Temple
  3184 | Temple   | Became a worshipper of the Shining One
  3229 | D:4      | Found a radiant altar of Vehumet.
  3637 | D:5      | Entered Level 5 of the Dungeon
  3722 | D:5      | Noticed Dowan
  3723 | D:5      | Noticed Duvessa
  3734 | D:5      | Killed Dowan
  3736 | D:5      | Killed Duvessa
  3948 | D:5      | Reached skill level 7 in Armour
  4086 | D:5      | Killed Sanvar's ghost
  4086 | D:5      | Reached XP level 8. HP: 58/64 MP: 7/7
  4434 | D:5      | Found a stormy altar of Qazlal.
  4466 | D:5      | Found a deep blue altar of Sif Muna.
  4769 | D:6      | Reached * piety under the Shining One
  4792 | D:6      | Found a sparkling altar of Nemelex Xobeh.
  5000 | D:6      | Reached skill level 8 in Armour
  5034 | D:6      | You fall through a shaft for 2 floors!
  5059 | D:8      | Found a sacrificial altar of Ru.
  5550 | D:6      | Noticed Prince Ribbit
  5566 | D:6      | Killed Prince Ribbit
  5716 | D:6      | Reached skill level 9 in Armour
  5716 | D:6      | Reached XP level 9. HP: 70/70 MP: 8/8
  6166 | D:7      | Noticed a troll
  6176 | D:7      | Killed a troll
  6451 | D:7      | Reached ** piety under the Shining One
  6460 | D:7      | Found an ancient bone altar of Kikubaaqudgha.
  6503 | D:7      | Reached skill level 1 in Invocations
  6552 | D:7      | Reached skill level 10 in Armour
  7005 | D:7      | Reached skill level 10 in Long Blades
  7013 | D:7      | Reached skill level 10 in Shields
  7038 | D:7      | Gained mutation: You can breathe flames. [mutagenic meat]
  7105 | D:8      | Noticed chimenez's ghost (novice OgFi)
  7111 | D:8      | Reached *** piety under the Shining One
  7409 | D:7      | Reached XP level 10. HP: 46/77 MP: 10/10
  8166 | D:8      | Found Ihesob's Magic Scroll Shop.
  8810 | D:8      | Killed chimenez's ghost
  9161 | D:9      | Found a staircase to the Lair.
  9175 | D:9      | Reached skill level 11 in Armour
  9576 | D:9      | Noticed a manticore
  9586 | D:9      | Killed a manticore
  9650 | D:9      | Found a shattered altar of Ashenzari.
 10195 | D:9      | Reached skill level 5 in Invocations
 10495 | Lair:1   | Entered Level 1 of the Lair of Beasts
 10509 | Lair:1   | Reached XP level 11. HP: 34/82 MP: 13/13
 11470 | Lair:1   | Reached skill level 12 in Armour
 11815 | Lair:1   | Reached **** piety under the Shining One
 11841 | Lair:1   | Reached skill level 1 in Dodging
 12465 | Lair:2   | Found a bloodstained altar of Trog.
 13318 | Lair:2   | Noticed a four-headed hydra
 13424 | D:10     | Entered Level 10 of the Dungeon
 13641 | D:10     | Reached XP level 12. HP: 90/90 MP: 16/16
 13748 | D:10     | Found Ehet's Weapon Boutique.
 13861 | D:10     | Gained mutation: Your flesh is cold resistant. [mutagenic meat]
 14261 | D:11     | Noticed a four-headed hydra
 14263 | D:11     | Found a sparkling altar of Nemelex Xobeh.
 14499 | D:11     | Found a frozen archway.
 14511 | IceCv    | Entered an ice cave
 14511 | IceCv    | Reached ***** piety under the Shining One
 14717 | IceCv    | Reached skill level 13 in Armour
 15019 | IceCv    | Noticed an ice dragon
 15031 | IceCv    | Noticed an ice dragon
 15037 | IceCv    | Killed an ice dragon
 15049 | IceCv    | Killed an ice dragon
 15673 | Lair:2   | Got a flickering lead amulet
 15674 | Lair:2   | Identified the amulet of Buidd {rCorr Int+2} (You found it on level 2 of the Lair of Beasts)
 16114 | Lair:2   | Killed a four-headed hydra
 16526 | Lair:3   | Found a staircase to the Shoals.
 17375 | Lair:4   | Found a dark tunnel.
 17411 | Lair:4   | Found a labyrinth entrance.
 17421 | Lab      | Entered a labyrinth
 17809 | Lab      | Noticed a minotaur
 17829 | Lab      | Killed a minotaur
 17829 | Lab      | Reached XP level 13. HP: 39/95 MP: 15/18
 18140 | Lair:4   | Found a staircase to the Snake Pit.
 19029 | D:8      | Bought a scroll of acquirement for 832 gold pieces
 19038 | D:8      | Bought a scroll of enchant weapon for 120 gold pieces
 19038 | D:8      | Bought a scroll of enchant weapon for 120 gold pieces
 19261 | Lair:5   | Reached skill level 14 in Armour
 19979 | Lair:6   | Gained mutation: Your flesh is heat resistant. [potion of beneficial mutation]
 20376 | Snake:1  | Entered Level 1 of the Snake Pit
 20742 | Snake:1  | HP: 4/95 [shock serpent/bolt of electricity (7)]
 20742 | Snake:1  | HP: 1/95 [shock serpent/bolt of electricity (3)]
 21131 | Snake:1  | Reached skill level 10 in Invocations
 21200 | Snake:1  | Noticed Roxanne
 21205 | Snake:1  | Banished Roxanne
 21863 | Snake:1  | Found Jangat's Jewellery Boutique.
 22001 | Snake:1  | Reached XP level 14. HP: 75/102 MP: 1/20
 22302 | Snake:1  | Reached skill level 15 in Armour
 22325 | Snake:1  | Reached skill level 15 in Long Blades
 22325 | Snake:1  | Reached skill level 15 in Shields
 22782 | Lair:7   | Noticed Rupert
 22877 | Lair:7   | You fall through a shaft!
 22877 | Lair:8   | Entered Level 8 of the Lair of Beasts
 22877 | Lair:8   | Noticed dricus's ghost (journeyman MiBe)
 23176 | Lair:8   | Killed dricus's ghost
 23939 | Lair:8   | Found a burning altar of Makhleb.
 24027 | Lair:8   | Found a gateway to Hell.
 24232 | Lair:7   | Found a viscous altar of Jiyva.
 24233 | Lair:7   | Found a staircase to the Slime Pits.
 24279 | Lair:7   | Noticed a Hell Sentinel
 24282 | Lair:7   | Banished a Hell Sentinel
 24614 | Lair:7   | Killed Rupert
 24614 | Lair:7   | Reached skill level 16 in Long Blades
 25707 | Lair:2   | Gained mutation: Your spells are a little easier to cast, but a little less powerful. [potion of mutation]
 25707 | Lair:2   | Gained mutation: Your magical capacity is low (-10% MP). [potion of mutation]
 25915 | D:11     | Banished a seven-headed hydra
 25963 | D:11     | Reached XP level 15. HP: 111/111 MP: 20/20
 26460 | D:12     | Found a roughly hewn altar of Beogh.
 26906 | D:12     | Found a staircase to the Orcish Mines.
 26947 | Orc:1    | Entered Level 1 of the Orcish Mines
 27150 | Orc:2    | Reached skill level 5 in Fighting
 27517 | Orc:2    | Found Wizxoliph's Assorted Antiques.
 28042 | Orc:3    | Reached ****** piety under the Shining One
 28215 | Orc:4    | Entered Level 4 of the Orcish Mines
 28221 | Orc:4    | Noticed Donald
 28247 | Orc:4    | Killed Donald
 28280 | Orc:4    | Found a staircase to the Elven Halls.
 28411 | Orc:4    | Found a roughly hewn altar of Beogh.
 28465 | Orc:4    | Reached skill level 5 in Dodging
 28688 | Orc:4    | Found Foacepeo's Antique Weapon Shoppe.
 28744 | Orc:4    | Found a roughly hewn altar of Beogh.
 28761 | Orc:4    | Found Yxocsotu's Antique Armour Emporium.
 28807 | Orc:4    | Bought a glowing shield for 139 gold pieces
 28813 | Orc:4    | Bought a glowing double sword for 450 gold pieces
 28973 | Orc:4    | Found a roughly hewn altar of Beogh.
 29042 | Orc:4    | Found a roughly hewn altar of Beogh.
 29042 | Orc:4    | Found Moameo's Armour Shop.
 29088 | Orc:4    | Found a roughly hewn altar of Beogh.
 29154 | Orc:4    | Found a roughly hewn altar of Beogh.
 29175 | Orc:4    | Found Sihum's Assorted Antiques.
 29217 | Orc:4    | Bought a glowing plate armour for 805 gold pieces
 29217 | Orc:4    | Bought a glowing leather armour for 70 gold pieces
 29324 | Elf:1    | Entered Level 1 of the Elven Halls
 29633 | Elf:1    | Found Aniopuz's Jewellery Boutique.
 29658 | Elf:1    | Noticed Kirke
 29693 | Elf:1    | Bought a cursed amulet of clarity for 289 gold pieces
 29757 | Elf:1    | Found Kikhluna's Food Shoppe.
 29833 | Elf:1    | Noticed Azrael
 29851 | Elf:1    | Killed Azrael
 30078 | Elf:1    | Gained mutation: Your body sometimes deteriorates upon taking damage. [a shining eye]
 30092 | Elf:1    | Gained mutation: You are clumsy. (Dex -2) [a shining eye]
 30110 | Elf:1    | Noticed a sphinx
 31242 | Elf:1    | Lost mutation: Your magical capacity is low (-10% MP). [potion of cure mutation]
 31242 | Elf:1    | Lost mutation: You can breathe flames. [potion of cure mutation]
 31242 | Elf:1    | Lost mutation: You are clumsy. (Dex -2) [potion of cure mutation]
 31242 | Elf:1    | Lost mutation: Your spells are a little easier to cast, but a little less powerful. [potion of cure mutation]
 31242 | Elf:1    | Lost mutation: Your flesh is heat resistant. [potion of cure mutation]
 31243 | Elf:1    | Lost mutation: Your body sometimes deteriorates upon taking damage. [potion of cure mutation]
 31243 | Elf:1    | Lost mutation: Your flesh is cold resistant. [potion of cure mutation]
 31244 | Elf:1    | Gained mutation: You are weak. (Str -2) [potion of mutation]
 31244 | Elf:1    | Lost mutation: You are weak. (Str -2) [potion of mutation]
 31244 | Elf:1    | Gained mutation: Your system is resistant to poisons. [potion of mutation]
 31303 | Elf:1    | Banished Kirke
 31672 | Shoals:1 | Entered Level 1 of the Shoals
 32127 | Shoals:1 | Reached skill level 17 in Armour
 32594 | Temple   | Identified a +7 double sword of holy wrath (a +5 double sword of distortion blessed by the Shining One)
 32594 | Temple   | Received a gift from the Shining One
 32822 | D:13     | Found a gate to the Vaults.
 32833 | D:13     | Reached XP level 16. HP: 127/129 MP: 6/24
 34012 | D:14     | Found Bisynledi's Antique Armour Shoppe.
 34201 | D:14     | Found Tawk's Distillery.
 34260 | D:14     | Found a roughly hewn altar of Beogh.
 34424 | D:14     | Found a stormy altar of Qazlal.
 34545 | D:14     | Found Wycemyxuid's Magic Scroll Shop.
 34630 | D:14     | Found Pathool's Book Shoppe.
 34708 | D:15     | Entered Level 15 of the Dungeon
 34906 | D:15     | Reached skill level 10 in Fighting
 35616 | D:15     | Reached skill level 18 in Armour
 35623 | D:15     | Found a staircase to the Depths.
 35757 | Depths:1 | Entered Level 1 of the Depths
 35777 | Depths:1 | Noticed the Enchantress
 36162 | Shoals:1 | Reached skill level 10 in Dodging
 36969 | Shoals:2 | Learned a level 2 spell: Repel Missiles
 36972 | Shoals:2 | Learned a level 2 spell: Swiftness
 37005 | Shoals:2 | Noticed riffraff's ghost (adept DsBe)
 37040 | Shoals:2 | Killed riffraff's ghost
 37205 | Shoals:2 | Reached skill level 1 in Air Magic
 37485 | Shoals:2 | Reached skill level 1 in Charms
 37785 | Shoals:3 | Found Foepioro's Jewellery Emporium.
 37824 | Shoals:3 | Bought an uncursed ring of ice for 300 gold pieces
 37860 | Shoals:3 | Noticed Kiel97's ghost (adept DrAr)
 37891 | Shoals:3 | Killed Kiel97's ghost
 38017 | Shoals:3 | Noticed Louise
 38032 | Shoals:3 | Killed Louise
 38032 | Shoals:3 | Reached XP level 17. HP: 144/144 MP: 22/25
 39086 | Shoals:3 | Got a pair of twisted boots
 39317 | Shoals:3 | Identified the +2 pair of boots of Lugonu's Displeasure {MP+9} (You found it on level 3 of the Shoals)
 39338 | Shoals:4 | Entered Level 4 of the Shoals
 39359 | Shoals:4 | Noticed Ilsuiw
 39916 | Shoals:4 | Killed Ilsuiw
 40179 | Shoals:4 | Reached skill level 19 in Armour
 40850 | Shoals:4 | Got a barnacled rune of Zot
 41221 | Shoals:4 | Got an encrusted greatsling
 41393 | Shoals:4 | Identified the Reference Book on Earth
 41522 | Shoals:4 | Reached skill level 5 in Air Magic
 43228 | Snake:3  | Reached skill level 5 in Charms
 43407 | Snake:3  | Found Ilyacegg's General Store.
 43711 | Snake:3  | Reached XP level 18. HP: 119/154 MP: 26/26
 45049 | Snake:4  | Entered Level 4 of the Snake Pit
 45185 | Snake:4  | Got an aquamarine-studded ring mail
 45221 | Snake:4  | Identified the cursed +0 ring mail "Kiaxas" {+Inv rC+ MR++ Int+4} (You found it on level 4 of the Snake Pit)
 45241 | Snake:4  | Reached skill level 20 in Armour
 48412 | Snake:4  | Got an amber-encrusted ring mail
 48413 | Snake:4  | Identified the +4 ring mail of Contentment {Str+3} (You found it on level 4 of the Snake Pit)
 48422 | Snake:4  | Got a serpentine rune of Zot
 49653 | D:14     | Bought a scroll of enchant armour for 120 gold pieces
 49763 | D:15     | Killed the Enchantress
 49765 | D:15     | Got a faerie dragon armour
 49996 | D:15     | Identified the +4 faerie dragon armour {rPois rF+ rC- Dex+10} (You took it off the Enchantress on level 15 of the Dungeon)
 50051 | D:15     | Reached XP level 19. HP: 37/167 MP: 27/27
 50418 | Depths:1 | Found a glowing golden altar of the Shining One.
 51323 | Depths:1 | Reached skill level 21 in Armour
 51404 | Depths:1 | Found a one-way gate to the infinite horrors of the Abyss.
 52781 | Depths:2 | Found Gozag's Antique Armour Shoppe.
 52829 | Depths:2 | Noticed a golden dragon
 52850 | Depths:2 | Found Gozag's Assorted Antiques.
 53078 | Depths:2 | Reached skill level 15 in Fighting
 53202 | Depths:2 | Found an opulent altar of Gozag.
 53302 | Depths:2 | Found Gozag's Antique Weapon Emporium.
 53835 | Depths:2 | Killed a golden dragon
 54126 | Depths:2 | Found a one-way gate leading to the halls of Pandemonium.
 54424 | Depths:2 | Reached XP level 20. HP: 121/179 MP: 28/28
 54614 | Depths:3 | Paralysed by a sphinx for 6 turns
 54634 | Depths:2 | The Shining One protects you from harm!
 56768 | Depths:3 | Identified the Grimoire of Feathers and Confrontation (You found it on level 3 of the Depths)
 56772 | Depths:3 | Identified the Papyrus of Clay and Transmutation (You found it on level 3 of the Depths)
 57192 | Depths:3 | Reached skill level 22 in Armour
 57533 | Depths:4 | Noticed a golden dragon
 58812 | Elf:2    | Found a runed gate.
 58812 | Elf:2    | Found a runed gate.
 58812 | Elf:2    | Found a runed gate.
 60365 | Elf:3    | Entered Level 3 of the Elven Halls
 60443 | Elf:3    | Noticed sevenseve's ghost (adept GrFi)
 60466 | Elf:3    | Killed sevenseve's ghost
 60774 | Elf:3    | Found a deep blue altar of Sif Muna.
 60858 | Elf:3    | Found Kahonixe's Antique Weapon Emporium.
 60885 | Elf:3    | Found an ancient bone altar of Kikubaaqudgha.
 61511 | Elf:3    | Reached XP level 21. HP: 152/189 MP: 29/29
 61573 | Elf:3    | Got a crude dagger {pierce}
 61574 | Elf:3    | Identified the +10 dagger of the Swamp {pierce, +Inv +Fly rN+ Int-2} (You took it off a deep elf demonologist on level 3 of the Elven Halls)
 61807 | Elf:3    | Got a warped tin ring
 61841 | Elf:3    | Identified the ring "Ekkomumy" {+Fly MR- AC+6 Str+3 Stlth+} (You found it on level 3 of the Elven Halls)
 62395 | Elf:3    | Got a faintly humming ring mail
 62406 | Elf:3    | Identified the +1 ring mail of the Beginning {rF+} (You found it on level 3 of the Elven Halls)
 63158 | Vaults:1 | Entered Level 1 of the Vaults
 63371 | Vaults:1 | Paralysed by a great orb of eyes for 3 turns
 63818 | Vaults:1 | Learned a level 6 spell: Haste
 65288 | Vaults:2 | Found a staircase to the Crypt.
 65504 | Vaults:2 | Paralysed by a sphinx for 3 turns
 66502 | Vaults:2 | Reached XP level 22. HP: 200/200 MP: 30/30
 67158 | Vaults:3 | Reached skill level 10 in Charms
 68306 | Vaults:3 | Found a portal to a secret trove of treasure.
 69006 | Vaults:4 | Reached skill level 23 in Armour
 69050 | Vaults:4 | Noticed Zeloya's ghost (veteran KoSk)
 69365 | Vaults:4 | Killed Zeloya's ghost
 69403 | Vaults:4 | Found Hywat's Assorted Antiques.
 69412 | Vaults:4 | Bought a shimmering cloak for 190 gold pieces
 69412 | Vaults:4 | Bought a pair of ichor-stained boots for 190 gold pieces
 69447 | Vaults:4 | Identified the +1 cloak of Douzehid {rF++} (You bought it in a shop on level 4 of the Vaults)
 69457 | Vaults:4 | Identified the +0 pair of boots of Ymeitsoete {rC+} (You bought it in a shop on level 4 of the Vaults)
 70374 | Vaults:5 | Entered Level 5 of the Vaults
 70532 | Vaults:4 | Reached XP level 23. HP: 189/206 MP: 31/31
 70889 | Vaults:5 | Noticed Boris
 71113 | Vaults:4 | Killed Boris
 71918 | Vaults:5 | Reached skill level 24 in Armour
 72001 | Vaults:5 | Noticed Clownie's ghost (veteran MfEn)
 72043 | Vaults:5 | Killed Clownie's ghost
 72092 | Vaults:5 | Identified the Collected Works on Flight
 72097 | Vaults:5 | Got a brightly glowing scale mail
 72098 | Vaults:5 | Identified the +6 scale mail of Ozish {Regen+ Int+3} (You found it on level 5 of the Vaults)
 72229 | Vaults:5 | Got a steaming amber ring
 72248 | Vaults:5 | Identified the ring "Qir Tiagar" {MR+ MP+9} (You found it on level 5 of the Vaults)
 72314 | Vaults:5 | Got a translucent dagger {pierce}
 72315 | Vaults:5 | Identified the +4 dagger of Unpleasantness {pierce, Str+4 Int+4} (You took it off a deep elf conjurer on level 5 of the Vaults)
 72379 | Vaults:5 | Found Wunaudiw's Distillery.
 72379 | Vaults:5 | Found Seorric's Magic Scroll Boutique.
 72411 | Vaults:5 | Found Dudaniv's Food Shop.
 72412 | Vaults:5 | Bought a potion of haste for 120 gold pieces
 72482 | Vaults:5 | Bought a scroll of enchant armour for 150 gold pieces
 72494 | Vaults:5 | Found Gupos's Food Emporium.
 72506 | Vaults:5 | Noticed Margery
 72527 | Vaults:5 | Killed Margery
 73330 | Vaults:4 | Reached XP level 24. HP: 214/214 MP: 31/31
 73543 | Vaults:5 | Found Cujaolan's Distillery.
 73547 | Vaults:5 | Bought a potion of haste for 150 gold pieces
 73551 | Vaults:5 | Found Beuheh's Magic Scroll Boutique.
 73574 | Vaults:5 | Found Ewnidd's Distillery.
 73578 | Vaults:5 | Bought a potion of haste for 110 gold pieces
 73578 | Vaults:5 | Bought a potion of resistance for 110 gold pieces
 73578 | Vaults:5 | Bought a potion of cancellation for 88 gold pieces
 73582 | Vaults:5 | Found Peppul's Food Shop.
 73884 | Vaults:5 | Got a silver rune of Zot
 74035 | Vaults:5 | Got a smoking jade ring
 74038 | Vaults:5 | Identified the ring of the Prince of Darkness {*Drain rPois MR+ Dex+3 SInv} (You found it on level 5 of the Vaults)
 74040 | Vaults:5 | Got a faintly glowing turquoise ring
 74042 | Vaults:5 | Identified the ring "Sinalle" {-Tele +Fly rN+ MP+9 Str+8} (You found it on level 5 of the Vaults)
 74241 | Vaults:5 | Bought a scroll of identify for 40 gold pieces
 74241 | Vaults:5 | Bought a scroll of identify for 40 gold pieces
 74394 | Vaults:5 | Identified Iskenderun's Collected Works on Confrontation
 74424 | Vaults:5 | Identified the Incunabulum of Curses
 77247 | Vaults:5 | Bought a meat ration for 50 gold pieces
 77247 | Vaults:5 | Bought a bread ration for 50 gold pieces
 77247 | Vaults:5 | Bought a bread ration for 50 gold pieces
 77247 | Vaults:5 | Bought a bread ration for 50 gold pieces
 77247 | Vaults:5 | Bought a bread ration for 50 gold pieces
 77247 | Vaults:5 | Bought a meat ration for 50 gold pieces
 77247 | Vaults:5 | Bought a bread ration for 50 gold pieces
 77247 | Vaults:5 | Bought a meat ration for 50 gold pieces
 77247 | Vaults:5 | Bought a royal jelly for 20 gold pieces
 77247 | Vaults:5 | Bought a meat ration for 50 gold pieces
 77259 | Vaults:5 | Bought a scroll of enchant weapon for 150 gold pieces
 77273 | Vaults:5 | Bought a bread ration for 60 gold pieces
 77273 | Vaults:5 | Bought a meat ration for 60 gold pieces
 77273 | Vaults:5 | Bought a meat ration for 60 gold pieces
 77273 | Vaults:5 | Bought a bread ration for 60 gold pieces
 77273 | Vaults:5 | Bought a bread ration for 60 gold pieces
 77273 | Vaults:5 | Bought a bread ration for 60 gold pieces
 77273 | Vaults:5 | Bought a royal jelly for 24 gold pieces
 77291 | Vaults:5 | Bought 3 scrolls of identify for 78 gold pieces
 77316 | Vaults:5 | Bought a bread ration for 55 gold pieces
 77316 | Vaults:5 | Bought a bread ration for 55 gold pieces
 77316 | Vaults:5 | Bought a bread ration for 55 gold pieces
 77316 | Vaults:5 | Bought a meat ration for 55 gold pieces
 77316 | Vaults:5 | Bought a bread ration for 55 gold pieces
 77569 | Orc:2    | Bought a scroll of acquirement for 1820 gold pieces
 77869 | Depths:1 | Voluntarily entered the Abyss.
 77960 | Abyss:1  | Killed Kirke
 78109 | Abyss:1  | Paralysed by you for 2 turns
 78152 | Abyss:1  | Gained mutation: You are very dopey. (Int -4) [a neqoxec]
 78154 | Abyss:1  | Gained mutation: You are very clumsy. (Dex -4) [a neqoxec]
 78459 | Abyss:1  | Found a corrupted altar of Lugonu.
 78502 | Abyss:1  | Found a corrupted altar of Lugonu.
 78879 | Abyss:1  | Found a corrupted altar of Lugonu.
 79253 | Abyss:4  | Gained mutation: Your body sometimes deteriorates upon taking damage. [a neqoxec]
 79277 | Abyss:4  | Gained mutation: You have large cloven feet. [a neqoxec]
 79352 | Depths:1 | Escaped the Abyss
 79670 | Lair:2   | Lost mutation: You have large cloven feet. [potion of mutation]
 79670 | Lair:2   | Gained mutation: You have sharp toenails. [potion of mutation]
 79671 | Lair:2   | Gained mutation: You are surrounded by a mild repulsion field (EV +2). [potion of mutation]
 79671 | Lair:2   | Lost mutation: Your body sometimes deteriorates upon taking damage. [potion of mutation]
 79671 | Lair:2   | Gained mutation: Scrolls take you a little longer to read. [potion of mutation]
 79672 | Lair:2   | Gained mutation: Armour fits poorly on your strangely shaped body. [potion of mutation]
 79672 | Lair:2   | Lost mutation: Scrolls take you a little longer to read. [potion of mutation]
 79672 | Lair:2   | Lost mutation: You have sharp toenails. [potion of mutation]
 79679 | Lair:2   | Lost mutation: You are clumsy. (Dex -2) [potion of cure mutation]
 79679 | Lair:2   | Lost mutation: You are dopey. (Int -2) [potion of cure mutation]
 79680 | Lair:2   | Lost mutation: Armour fits poorly on your strangely shaped body. [potion of cure mutation]
 79680 | Lair:2   | Lost mutation: Your system is resistant to poisons. [potion of cure mutation]
 79942 | Crypt:1  | Entered Level 1 of the Crypt
 80006 | Crypt:1  | Noticed Jory
 80015 | Crypt:1  | Killed Jory
 80305 | Crypt:1  | Noticed Frederick
 80308 | Crypt:1  | Noticed Xtahua
 80318 | Crypt:1  | Killed Xtahua
 80326 | Crypt:1  | Killed Frederick
 81274 | Crypt:2  | Noticed Wiglaf
 81286 | Crypt:2  | Killed Wiglaf
 81290 | Crypt:2  | Killed the ghostly Wiglaf
 81441 | Crypt:3  | Entered Level 3 of the Crypt
 81888 | Crypt:3  | Reached XP level 25. HP: 221/221 MP: 31/31
 81943 | Crypt:3  | Noticed an ancient lich
 82310 | Crypt:3  | Killed an ancient lich
 82328 | Crypt:3  | Identified Porch's Handbook of Existentialism
 82347 | Crypt:3  | Reached skill level 25 in Shields
 82396 | Crypt:3  | Got a heavily runed lapis lazuli ring
 82396 | Crypt:3  | Got a fine bronze ring
 82396 | Crypt:3  | Got a flickering copper ring
 82399 | Crypt:3  | Identified the ring "Axyuw" {rC+ rN+ MR+ Int+4} (You found it on level 3 of the Crypt)
 82401 | Crypt:3  | Identified the ring "Naticauki" {rPois rN+} (You found it on level 3 of the Crypt)
 82405 | Crypt:3  | Identified the ring "Avoprelo" {rElec rN+} (You found it on level 3 of the Crypt)
 82590 | Crypt:3  | Identified Riny's Grimoire of Oozing Pus
 82686 | Crypt:3  | Reached skill level 15 in Charms
 82718 | Crypt:3  | Found a staircase to the Tomb.
 83100 | Tomb:1   | Entered Level 1 of the Tomb of the Ancients
 83268 | Tomb:1   | Noticed an ancient lich
 83271 | Tomb:1   | Killed an ancient lich
 83663 | Tomb:1   | Gained mutation: You are frail (-10% HP). [a neqoxec]
 84409 | Tomb:1   | Reached skill level 1 in Spellcasting
 84816 | Tomb:1   | Reached skill level 26 in Armour
 86939 | Tomb:1   | Reached skill level 27 in Armour
 86939 | Tomb:1   | Reached XP level 26. HP: 133/200 MP: 31/32
 87631 | Tomb:1   | Gained mutation: You occasionally shout uncontrollably at your foes. [a neqoxec]
 88238 | Tomb:3   | Entered Level 3 of the Tomb of the Ancients
 91659 | Tomb:3   | Noticed Mennas
 91659 | Tomb:3   | Got a golden rune of Zot
 91698 | Tomb:3   | Killed Mennas
 91718 | Tomb:3   | Identified a +1 pair of boots of running (You found it on level 3 of the Tomb of the Ancients)
 92065 | Tomb:3   | Got a spiked leather armour
 92079 | Tomb:3   | Identified the +1 leather armour of Optimism {MR+ Regen+ Int-5 Slay-5} (You found it on level 3 of the Tomb of the Ancients)
 92109 | Tomb:3   | Got a slimy falchion
 92138 | Tomb:3   | Identified the cursed +1 falchion of Pestriocs {freeze, Int+5} (You found it on level 3 of the Tomb of the Ancients)
 92953 | Lair:2   | Gained mutation: You are partially covered in yellow scales (AC +2). [potion of mutation]
 92953 | Lair:2   | Gained mutation: You passively map a small area around you. [potion of mutation]
 92958 | Lair:2   | Gained mutation: You are agile. (Dex +2) [potion of mutation]
 92958 | Lair:2   | Gained mutation: You are resistant to hostile enchantments. [potion of mutation]
 92958 | Lair:2   | Gained mutation: You tend to lose your temper in combat. [potion of mutation]
 92959 | Lair:2   | Lost mutation: You are frail (-10% HP). [potion of mutation]
 92959 | Lair:2   | Gained mutation: Your magical capacity is low (-10% MP). [potion of mutation]
 92959 | Lair:2   | Gained mutation: You are frail (-10% HP). [potion of mutation]
 93264 | Vaults:5 | Bought a potion of mutation for 27 gold pieces
 93264 | Vaults:5 | Bought a potion of curing for 33 gold pieces
 93264 | Vaults:5 | Bought a potion of curing for 33 gold pieces
 93288 | Vaults:5 | Lost mutation: You are agile. (Dex +2) [potion of mutation]
 93288 | Vaults:5 | Lost mutation: You are frail (-10% HP). [potion of mutation]
 93288 | Vaults:5 | Lost mutation: Your magical capacity is low (-10% MP). [potion of mutation]
 93655 | Temple   | Fell from the grace of the Shining One
 93655 | Temple   | Became a worshipper of Zin the Law-Giver
 93655 | Temple   | Reached * piety under Zin
 93655 | Temple   | Reached ** piety under Zin
 93655 | Temple   | Reached *** piety under Zin
 93655 | Temple   | Reached **** piety under Zin
 93655 | Temple   | Reached ***** piety under Zin
 94784 | Lair:7   | Found a viscous altar of Jiyva.
 94787 | Lair:7   | Found a staircase to the Slime Pits.
 94802 | Slime:1  | Entered Level 1 of the Pits of Slime
 96887 | Slime:2  | Reached skill level 15 in Dodging
 97003 | Slime:2  | Reached XP level 27. HP: 242/242 MP: 32/32
 98840 | Slime:6  | Entered Level 6 of the Pits of Slime
 99686 | Slime:6  | Found a viscous altar of Jiyva.
 99695 | Slime:6  | Noticed the royal jelly
100246 | Slime:6  | HP: 5/248 [acid blob[the royal jelly] (24)]
100246 | Slime:6  | HP: 2/248 [acid[the royal jelly] (3)]
100246 | Slime:6  | Splashed by an acid blob's acid

Action                   |  1- 3 |  4- 6 |  7- 9 | 10-12 | 13-15 | 16-18 | 19-21 | 22-24 | 25-27 || total
-------------------------+-------+-------+-------+-------+-------+-------+-------+-------+-------++-------
Melee: Long sword        |    80 |   112 |   417 |  1224 |    80 |       |       |       |       ||  1913
       Dagger            |       |       |       |     3 |       |       |       |       |       ||     3
       Double sword      |       |       |       |       |  1414 |  1511 |  2030 |  2022 |  1449 ||  8426
       Scimitar          |       |       |       |       |       |   428 |    61 |       |       ||   489
 Cast: Swiftness         |       |       |       |       |       |     1 |       |       |     1 ||     2
       Repel Missiles    |       |       |       |       |       |       |     1 |       |       ||     1
       Haste             |       |       |       |       |       |       |       |    18 |    59 ||    77
Invok: Divine Shield     |       |       |       |    13 |    16 |    12 |     2 |    12 |    16 ||    71
       Summon Divine War |       |       |       |       |     2 |     3 |     1 |    11 |    11 ||    28
       Cleansing Flame   |       |       |       |       |     3 |       |       |     1 |    36 ||    40
       Brand Weapon With |       |       |       |       |     1 |       |       |       |       ||     1
       Vitalisation      |       |       |       |       |       |       |       |       |     2 ||     2
 Abil: Evoke Flight      |       |       |       |     2 |       |     6 |     5 |       |       ||    13
       Stop Flying       |       |       |       |     1 |       |     2 |       |       |       ||     3
       Breathe Fire      |       |       |       |       |     1 |       |       |       |       ||     1
       Evoke Invisibilit |       |       |       |       |       |     1 |       |       |       ||     1
Evoke: Wand              |       |       |       |       |    23 |     4 |     2 |     4 |     4 ||    37
  Use: Potion            |     1 |     1 |     2 |     3 |    14 |    11 |     1 |    19 |    10 ||    62
       Scroll            |       |       |    11 |    14 |    21 |    13 |    17 |    15 |    11 ||   102
 Stab: Held in net/web   |       |       |       |       |       |       |       |     1 |       ||     1
       Petrifying        |       |       |       |       |       |       |       |       |     1 ||     1
  Eat: Chunk             |       |     7 |    14 |    32 |    33 |    35 |    39 |    38 |     2 ||   200
       Beef jerky        |       |       |     1 |       |     3 |     1 |     2 |     4 |     1 ||    12
       Pizza             |       |       |       |     4 |     6 |     4 |     1 |     3 |     1 ||    19
       Fruit             |       |       |       |       |     4 |    14 |     5 |     3 |     7 ||    33
       Bread ration      |       |       |       |       |       |     2 |     1 |     4 |    12 ||    19
       Meat ration       |       |       |       |       |       |       |       |       |    10 ||    10
